 Dungeon Crawl Stone Soup version 0.30-a0-222-ge547ba4400 (webtiles) character file.

Game seed: 4737536285830767069

5945 BlueGoblin the Reanimator (level 10, 0/63 HPs)
             Began as a Demonspawn Necromancer on Oct 8, 2022.
             Was a Believer of Hepliaklqana.
             Succumbed to Erica's bolt of poison
             ... on level 10 of the Dungeon.
             The game lasted 00:32:32 (12829 turns).

BlueGoblin the Reanimator (Demonspawn Necromancer) Turns: 12829, Time: 00:32:33

Health: 0/63       AC:  8    Str:  8    XL:     10   Next: 54%
Magic:  18/23      EV:  7    Int: 21    God:    Hepliaklqana [**....]
Gold:   1083       SH:  0    Dex: 14    Spells: 15/28 levels left

rFire   . . .      SeeInvis .    b - +7 Throatcutter {drain, coup de grace}
rCold   . . .      Faith    .    (no shield)
rNeg    . . .      Spirit   .    g - +0 robe
rPois   .          Reflect  .    B - +0 helmet
rElec   .          Harm     .    v - +0 cloak
rCorr   .          Rampage  .    k - +1 pair of gloves
Will    +....                    r - +0 pair of boots
Stlth   ++........               t - amulet of the acrobat
HPRegen 0.30/turn                s - ring of willpower
MPRegen 0.18/turn                (no ring)

@: mighty, lethally poisoned (0 -> -24), animating dead, held
A: reduced essence, claws 2, powered by pain 1, sharp scales 1
a: Renounce Religion, Recall Ancestor, Ancestor Identity


You were on level 10 of the Dungeon.
You worshipped Hepliaklqana.
Hepliaklqana was pleased with you.
You visited 2 branches of the dungeon, and saw 11 of its levels.

You collected 1083 gold pieces.

Inventory:

Hand Weapons
 b - the +7 Throatcutter (weapon) {drain, coup de grace}
   (You found it on level 9 of the Dungeon)

   A truly terrible weapon, it drains the life of any living foe it strikes.
   It may instantly kill foes which have little health.
 y - a +0 great sword
Armour
 g - a +0 robe (worn)
 k - a +1 pair of gloves (worn)
 p - a +3 leather armour of cold resistance
 r - a +0 pair of boots (worn)
 v - a +0 cloak (worn)
 B - a +0 helmet (worn)
Magical Staves
 a - a staff of death
Jewellery
 s - a ring of willpower (left hand)
 t - an amulet of the acrobat (around neck)
Wands
 j - a wand of light (12)
 n - a wand of flame (4)
 w - a wand of charming (6)
Scrolls
 f - 4 scrolls of identify
 m - a scroll of teleportation
 o - a scroll of summoning {unknown}
 u - 3 scrolls of magic mapping
Potions
 c - 3 potions of brilliance
 d - 2 potions of invisibility {unknown}
 e - 2 potions of might
 h - 2 potions of heal wounds
 l - a potion of degeneration
 q - a potion of flight
 x - 2 potions of attraction {unknown}
 z - 3 potions of mutation {unknown}
 A - a potion of lignification


   Skills:
 * Level 3.6 Fighting
 + Level 4.3 Dodging
 - Level 1.7 Stealth
 + Level 9.9 Spellcasting
 + Level 12.2 Necromancy


You had 15 spell levels left.
You knew the following spells:

 Your Spells              Type           Power      Damage    Failure   Level
a - Vampiric Draining     Necr           57%        2d10      1%          3
b - Agony                 Necr           57%        N/A       1%          5
q - Necrotise             Necr           100%       1d9       1%          1
x - Animate Dead          Necr           57%        N/A       1%          4

Your spell library contained the following spells:

 Spells                   Type           Power      Damage    Failure   Level
 Shock                    Conj/Air       40%        1d5       7%          1
 Frozen Ramparts          Ice            20%        1d4       21%         3
 Gell's Gravitas          Tloc           10%        N/A       21%         3
 Lesser Beckoning         Tloc           20%        N/A       21%         3
 Swiftness                Air            10%        N/A       21%         3
 Teleport Other           Tloc           10%        N/A       21%         3
 Airstrike                Air            5%         2d(1-17)  54%         4
 Ice Form                 Ice/Tmut       10%        N/A       54%         4
 Summon Ice Beast         Ice/Summ       10%        N/A       54%         4


Dungeon Overview and Level Annotations

Branches:
Dungeon (10/15)            Temple (1/1) D:5
   Lair: D:8-11         Orc: D:9-12

Altars:
Ashenzari
Cheibriados
Dithmenos
Fedhas
Gozag
Hepliaklqana
Kikubaaqudgha
Makhleb
Nemelex Xobeh
Okawaru
Qazlal
Ru
Sif Muna
Trog
Uskayaw
Vehumet
Wu Jian
Xom
Yredelemnul

Shops:
D:3 =   D:4 :   D:8 ?

Annotations:
D:9 2 transporters
D:10 Erica, Harold


Innate Abilities, Weirdness & Mutations

Your life essence is reduced to manifest your ancestor. (-10% HP)
You have very sharp fingernails.
You sometimes gain a little power by taking damage.
You are partially covered in razor-sharp scales. (AC +1, Slay +1)


Message History

Your killer bee zombie hits the orc knight but does no damage.
Unknown command.
Unknown command.
Nebetia closely misses the orc knight.
Your killer bee zombie hits the orc knight but does no damage.
Nebetia barely misses the orc knight.
Erica gestures at you while chanting. The lance of force misses you.
Unknown command.
Unknown command.
Your killer bee zombie hits the orc knight. x2
Nebetia hits the orc knight but does no damage.
Nebetia drains the orc knight.
Your killer bee zombie hits the orc knight but does no damage.
Nebetia gestures at the orc knight while chanting.
The orc knight resists with some effort.
Your killer bee zombie hits the orc knight.
Erica points at you and mumbles some strange words.
The bolt of poison hits you!!
You are poisoned.
You focus on the pain.
You feel your power returning.
Harold throws a throwing net.
The throwing net hits you.
You become entangled in the net!
You stop ascending the stairs.
Unknown command.
You struggle against the net.
You feel very sick.
Your killer bee zombie hits the orc knight.
The orc knight misses your killer bee zombie.
Erica gestures at you while chanting. The bolt of poison hits you!!
You are more poisoned.
* * * LOW HITPOINT WARNING * * *
You focus on the pain.
You feel very mighty all of a sudden.
Harold points at you and mumbles some strange words.
You barely resist.
Unknown command.
Unknown command.
You tear a large gash into the net.
You die...

.#
#######.#$
#.........
##.........
..........
#.....ZZ..
#...@..Ro.
#(@.@.....
#...o.....
##########


You could see the friendly Nebetia the hexer, Harold, 2 orc knights, Erica and 2
friendly killer bee zombies.

Vanquished Creatures
  A two-headed ogre (D:8)
  A hornet (D:8)
  Sigmund (D:3)
  Eustachio (D:6)
  A wyvern (D:7)
  A steam dragon (D:9)
  Duvessa (D:4)
  5 orc warriors
  An ice beast (D:6)
  A sky beast (D:7)
  2 black bears
  An ogre (D:4)
  A centaur (D:9)
  4 kobold brigands
  2 bullfrogs
  A scorpion (D:4)
  3 wights
  Dowan (D:4)
  6 killer bees
  6 orc priests
  Crazy Yiuf (D:4)
  2 hounds
  4 iguanas
  An orc wizard (D:3)
  4 gnolls (D:4)
  15 adders
  An ufetubus (D:5)
  3 worms
  2 dart slugs
  28 orcs
  13 ball pythons
  6 bats
  6 endoplasms
  4 giant cockroaches
  16 goblins
  10 hobgoblins
  2 jackals (D:4)
  5 quokkas
  7 frilled lizards
  12 kobolds
  10 rats
193 creatures vanquished.

Vanquished Creatures (collateral kills)
  2 kobold demonologists (D:9)
  A sky beast (D:8)
  2 orc warriors (D:9)
  2 kobold brigands (D:9)
  A necrophage (D:6)
  12 wights
  A killer bee (D:10)
  3 orc priests
  4 orc wizards
  An adder (D:2)
  A shadow imp (D:8)
  2 ufetubi (D:7)
  10 orcs
  2 endoplasms
  2 jackals (D:4)
  A quokka (D:3)
  2 kobolds (D:7)
  A rat (D:2)
50 creatures vanquished.

Vanquished Creatures (others)
  2 hexers (D:9)
  A killer bee zombie (D:10)
  3 ancestors
  5 orc zombies
  6 kobold zombies (D:7)
17 creatures vanquished.

Grand Total: 260 creatures vanquished

Notes
Turn   | Place    | Note
-------+----------+-------------------------------------------
     0 | D:1      | BlueGoblin the Demonspawn Necromancer began the quest for
                  | the Orb.
     0 | D:1      | Reached XP level 1. HP: 13/13 MP: 3/3
   255 | D:1      | Gained mutation: You have sharp fingernails. [demonic
                  | ancestry]
   255 | D:1      | Reached XP level 2. HP: 13/19 MP: 0/5
   620 | D:1      | Reached skill level 5 in Necromancy
   800 | D:1      | Gained mutation: You are partially covered in razor-sharp
                  | scales. (AC +1, Slay +1) [demonic ancestry]
   800 | D:1      | Reached XP level 3. HP: 24/24 MP: 1/6
  1798 | D:2      | Learned a level 3 spell: Vampiric Draining
  1820 | D:2      | Reached XP level 4. HP: 30/30 MP: 4/8
  3070 | D:3      | Found Qeimy's Jewellery Boutique.
  3169 | D:3      | Noticed Sigmund
  3309 | D:3      | Killed Sigmund
  3310 | D:3      | Reached skill level 6 in Necromancy
  3310 | D:3      | Reached XP level 5. HP: 6/35 MP: 2/11
  3504 | D:3      | Reached XP level 6. HP: 38/41 MP: 8/12
  4709 | D:4      | Reached skill level 7 in Necromancy
  4943 | D:4      | Found a blossoming altar of Fedhas.
  4963 | D:4      | Found a stormy altar of Qazlal.
  5193 | D:4      | Found Aloicosk's Self-Improvement Boutique.
  5266 | D:4      | Reached skill level 5 in Spellcasting
  5266 | D:4      | Reached XP level 7. HP: 25/47 MP: 4/14
  5594 | D:4      | Noticed Duvessa
  5597 | D:4      | Noticed Dowan
  5613 | D:4      | Killed Duvessa
  5614 | D:4      | Reached skill level 1 in Fighting
  5625 | D:4      | Killed Dowan
  5816 | D:4      | Found a runed translucent door.
  5817 | D:4      | Noticed Crazy Yiuf
  6129 | D:4      | Killed Crazy Yiuf
  6177 | D:5      | Entered Level 5 of the Dungeon
  6312 | D:5      | Reached skill level 8 in Necromancy
  6381 | D:5      | Learned a level 4 spell: Animate Dead
  6727 | D:5      | Found a staircase to the Ecumenical Temple.
  6759 | Temple   | Entered the Ecumenical Temple
  6774 | Temple   | Became a worshipper of Hepliaklqana the Forgotten
  6980 | D:5      | Reached XP level 8. HP: 46/54 MP: 17/17
  7651 | D:6      | Noticed Eustachio
  7692 | D:6      | Killed Eustachio
  8062 | D:6      | Reached skill level 9 in Necromancy
  8159 | D:6      | Reached * piety under Hepliaklqana
  9132 | D:7      | Gained mutation: You have very sharp fingernails. [demonic
                  | ancestry]
  9132 | D:7      | Reached XP level 9. HP: 13/54 MP: 0/20
  9768 | D:8      | Found a flagged portal.
  9916 | D:8      | Noticed a two-headed ogre
  9926 | D:8      | Killed a two-headed ogre
  9927 | D:8      | Reached skill level 10 in Necromancy
 10291 | D:8      | Found a shimmering blue altar of Sif Muna.
 10367 | D:8      | Found Imefayni's Magic Scroll Shoppe.
 10711 | D:8      | Reached skill level 11 in Necromancy
 11126 | D:9      | Reached ** piety under Hepliaklqana
 11138 | D:9      | Identified the +1 mace of Kodyss {elec, rPois}
 11176 | D:9      | Found a transporter.
 11187 | D:9      | Noticed a two-headed ogre
 11188 | D:9      | Found a transporter.
 11190 | D:9      | Noticed a centaur warrior
 11195 | D:9      | Found a broken altar of Ashenzari.
 11195 | D:9      | Noticed a yaktaur
 11375 | D:9      | Remembered your ancestor Nebetia as a hexer
 11401 | D:9      | Gained mutation: You sometimes gain a little power by
                  | taking damage. [demonic ancestry]
 11401 | D:9      | Reached XP level 10. HP: 13/58 MP: 19/23
 11695 | D:9      | Identified a scroll of acquirement
 11695 | D:9      | Acquired 493 gold pieces
 11721 | D:9      | Found an ornate altar of the Wu Jian Council.
 12326 | D:9      | Found the +7 Throatcutter {drain, coup de grace}
 12481 | D:9      | Learned a level 5 spell: Agony
 12552 | D:9      | Reached skill level 12 in Necromancy
 12813 | D:10     | Entered Level 10 of the Dungeon
 12813 | D:10     | Noticed an orc knight
 12816 | D:10     | Noticed Harold
 12819 | D:10     | Noticed Erica
 12823 | D:10     | Noticed an orc knight
 12829 | D:10     | Succumbed to Erica's bolt of poison

Illustrated notes

Levels and vault maps discovered:
D:1:      tarquinn_simple_flora_water_d, layout_basic
D:2:      layout_basic
D:3:      layout_loops_corners, serial_shops, nicolae_shop_hallway_plus,
          minmay_snake_closets, uniq_sigmund
D:4:      layout_gridville, grunt_temple_overflow_forces_of_nature,
          nicolae_shop_self_help, uniq_crazy_yiuf_cottage, uniq_duvessa
D:5:      layout_cave_pods, minmay_temple_entry_sparse_star, serial_glass,
          glass_columns_c, glass_columns_a, due_unseen_surprise,
          item_on_display_a, item_on_display_a
D:6:      layout_basic, kennysheep_path_1, minmay_misc_feat_rows,
          minmay_misc_feat_four_crosses, uniq_eustachio
D:7:      layout_cave_pools
D:8:      layout_basic, mainiacjoe_overflow_large_starburst, enter_bailey_5,
          serial_shops, nicolae_take_the_stairs, grunt_ministairs_9
D:9:      layout_cave_pods, mainiacjoe_overflow_24_doors,
          gammafunk_temple_overflow_arena, special_room [special_room_orc],
          dilly_guarded_unrand_throatcut
D:10:     layout_roguey, david_orc_3, sword_in_stone
Temple:   hellmonk_temple_two_chambers

Skill      XL: |  1  2  3  4  5  6  7  8  9 10 |
---------------+-------------------------------+-----
Necromancy     | 5 6 7 8 9 11 12 | 12.2
Spellcasting   | 3 4 5 6 7 9 |  9.9
Dodging        | 2 3 4 |  4.3
Fighting       | 1 2 3 |  3.6
Stealth        | |  1.7

Action                   |  1- 3 |  4- 6 |  7- 9 | 10-12 || total
-------------------------+-------+-------+-------+-------++-------
Melee: Club              |     1 |       |       |       ||     1
       Dagger            |    10 |    40 |    18 |     8 ||    76
       Punch             |       |     1 |     3 |       ||     4
       Short sword       |       |       |    99 |       ||    99
       Staff             |       |       |    59 |     8 ||    67
       Long sword        |       |       |       |     6 ||     6
 Fire: Sling             |    19 |     5 |       |       ||    24
 Cast: Necrotise         |    59 |   121 |   138 |    60 ||   378
       Vampiric Draining |       |     4 |    33 |    12 ||    49
       Animate Dead      |       |       |     4 |     3 ||     7
Invok: Recall Ancestor   |       |       |     1 |       ||     1
       Ancestor Life: He |       |       |     1 |       ||     1
Evoke: Wand              |       |       |     3 |       ||     3
  Use: Scroll            |       |     5 |     4 |     6 ||    15
       Potion            |       |       |    13 |       ||    13
 Stab: Distracted        |       |       |     1 |       ||     1
       Sleeping          |       |       |     1 |       ||     1
Armor: Robe              |     6 |    16 |    71 |    10 ||   103
       Skin              |       |       |     8 |       ||     8
Dodge: Dodged            |    16 |    29 |   230 |    46 ||   321

Table legend: (Time is in decaauts)
 A = Elapsed time spent in this place.
 B = Non-inter-level travel time spent in this place.
 C = Inter-level travel time spent in this place.
 D = Time resting spent in this place.
 E = Time spent auto-exploring this place.
 F = Levels seen in this place.
 G = Mean time per level.
                   A        B        C        D        E       F      G
               +--------+--------+--------+--------+--------+-----+--------+
         Total |  12841 |  11720 |   1121 |   1310 |   8481 |  11 | 1167.4 |
       Dungeon |  12809 |  11692 |   1117 |   1310 |   8470 |  10 | 1280.9 |
        Temple |     31 |     27 |      4 |      0 |     11 |   1 |   31.0 |
               +--------+--------+--------+--------+--------+-----+--------+

Top non-repeatable levels by time:
     D:3: 1803 daAuts
     D:4: 1682 daAuts
     D:6: 1634 daAuts
     D:9: 1560 daAuts
     D:8: 1496 daAuts
     D:1: 1443 daAuts
     D:2: 1374 daAuts
     D:5: 1084 daAuts
     D:7: 714 daAuts
  Temple: 31 daAuts
    D:10: 15 daAuts
